Map: Cañón polvoriento

Players

Shinkachuk

  • Race: Protoss Protoss
  • Spawn Location: 5:00

Accuracy

  • Race: Terran Terran
  • Spawn Location: 3:00

MrFercho - Winner!

  • Race: Zerg Zerg
  • League: Silver
  • Spawn Location: 11:00

TATORREA - Winner!

  • Race: Protoss Protoss
  • League: Silver
  • Spawn Location: 9:00

VOD

Have the link to the VOD?

Description

Time

  • Played on: May 30, 2020, 9:53 p.m.
  • Length: 18:13
Show
View Real Time Build Order
Export as new Build Order

Shinkachuk Protoss 

Build Orders: Blink Stalkers, Dark Templar Rush 

Get SALT Encoding   

  12  0:01  Probe  
  13  0:17  Pylon  
  13  0:18  Probe  
  14  0:31  Probe  
  15  0:43  Gateway  
  15  0:48  Assimilator, Probe  
  16  1:01  Probe  
  17  1:14  Probe  
  18  1:26  Probe  
  19  1:33  Cybernetics Core  
  19  1:38  Probe  
  20  1:41  Assimilator  
  20  1:54  Probe  
  21  1:58  Nexus  
  21  2:00  Zealot  
  23  2:11  Forge  
  23  2:28  Pylon  
  23  2:35  Pylon  
  23  2:43  Gateway  
  23  2:46  Probe  
  23  2:50  Twilight Council  
  24  3:01  Probe  
  25  3:14  Pylon  
  25  3:17  Probe  
  26  3:29  Probe  
  27  3:34  Warp Gate  
  27  3:35  Protoss Ground Weapons Level 1  
  27  3:45  Dark Shrine  
  27  3:49  Probe  
  27  3:51  Probe  
  29  3:58  Blink  
  29  4:05  Stalker  
  31  4:14  Probe  
  31  4:15  Probe  
  33  4:20  Assimilator  
  33  4:24  Assimilator  
  33  4:40  Gateway  
  33  4:41  Nexus  
  33  4:44  Gateway  
  31  5:01  Assimilator  
  31  5:04  Pylon  
  31  5:33  Probe  
  31  5:34  Probe  
  33  5:40  Pylon  
  33  5:45  Probe  
  33  5:46  Probe  
  35  5:58  Probe x2  
  35  5:59  Dark Templar  
  35  6:00  Dark Templar x2  
  35  6:01  Dark Templar  
  45  6:10  Probe x2  
  45  6:11  Protoss Ground Armor Level 1  
  47  6:13  Shadow Stride  
  47  6:22  Probe x2  
  45  6:54  Dark Templar x2  
  45  6:55  Dark Templar x2  
  53  7:06  Photon Cannon  
  53  7:10  Photon Cannon  
  53  7:11  Photon Cannon  
  53  7:29  Robotics Facility  
  53  7:34  Robotics Facility  
  53  7:38  Gateway  
  53  7:39  Gateway  
  53  7:42  Gateway  
  53  7:45  Gateway  
  53  8:05  Probe  
  54  8:12  Probe x2  
  56  8:17  Probe  
  57  8:24  Probe x2  
  59  8:29  Probe  
  60  8:36  Probe x2  
  60  8:38  Charge  
  60  8:41  Probe  
  63  8:48  Probe  
  64  8:53  Probe  
  45  9:26  Stalker  
  45  9:27  Stalker x3  
  45  9:28  Stalker x2  
  45  9:29  Stalker  
  45  9:30  Stalker  
  60  9:45  Probe  
  61  9:57  Probe  
  62  10:06  Probe  
  63  10:09  Probe x2  
  65  10:18  Probe  
  65  10:20  Zealot x3  
  65  10:21  Probe x2, Zealot x2  
  75  10:25  Stalker  
  80  10:31  Probe  
  80  10:33  Probe x2  
  83  10:43  Probe  
  83  10:45  Probe  
  83  10:46  Probe  
  86  10:55  Probe  
  87  10:57  Probe  
  87  10:58  Stargate  
  88  11:09  Probe  
  89  11:13  Pylon  
  89  11:14  Pylon  
  89  11:16  Pylon  
  89  11:17  Pylon  
  89  11:19  Pylon  
  89  11:21  Probe  
  89  11:23  Pylon  
  90  11:30  Stalker  
  90  11:32  Stalker  
  94  11:33  Stalker  
  94  11:34  Stalker x2, Probe  
  94  11:39  Dark Templar  
  103  11:46  Probe, Archon  
  104  11:47  Archon  
  104  11:48  Archon  
  104  11:57  Dark Templar  
  104  12:00  Stalker  
  104  12:01  Stalker  
  110  12:02  Stalker x2  
  110  12:03  Stalker  
  116  12:19  Dark Templar x2  
  120  12:24  Archon  
  120  12:32  Archon  
  120  12:35  Dark Templar  
  120  12:36  Dark Templar  
  124  12:38  Dark Templar  
  124  12:39  Dark Templar  
  124  12:41  Stalker  
  124  12:43  Stalker  
  132  12:48  Archon  
  132  12:51  Archon  
  132  13:08  Pylon  
  132  13:09  Pylon  
  132  13:11  Pylon  
  132  13:12  Pylon  
  132  13:15  Pylon  
  132  13:16  Pylon  
  132  13:20  Pylon  
  132  13:21  Pylon  
  132  13:22  Pylon  
  132  13:24  Pylon  
  132  13:31  Stalker  
  132  13:32  Stalker  
  132  13:33  Zealot  
  138  13:34  Zealot x2  
  138  13:35  Zealot  
  138  13:36  Zealot  
  138  13:38  Zealot  
  35  16:00  Nexus  
  1  17:09  Pylon  
  1  17:10  Pylon  
  1  17:17  Assimilator  
  1  17:18  Probe  
  2  17:30  Probe  
  2  17:34  Gateway  
Show
View Real Time Build Order
Export as new Build Order

Accuracy Terran 

Build Orders:  

Get SALT Encoding   

  12  0:01  SCV  
  13  0:13  SCV  
  14  0:26  SCV  
  14  0:28  Supply Depot  
  15  0:49  SCV  
  16  0:52  Barracks  
  16  0:57  Refinery  
  16  1:01  SCV  
  17  1:13  SCV  
  18  1:30  Command Center  
  18  1:32  SCV  
  19  1:42  Marine  
  20  1:47  Supply Depot  
  20  1:52  SCV  
  21  2:02  Barracks Reactor  
  21  2:04  SCV  
  22  2:16  SCV  
  23  2:28  SCV  
  24  2:31  Barracks  
  24  2:38  Marine  
  24  2:39  Marine  
  26  2:51  Factory  
  26  2:56  Marine  
  26  2:57  Marine  
  28  3:00  SCV  
  28  3:05  Refinery  
  29  3:11  Barracks  
  29  3:12  SCV  
  30  3:19  Engineering Bay  
  30  3:25  Orbital Command  
  30  3:27  Orbital Command  
  30  3:39  Marine x2  
  32  3:42  Barracks Tech Lab  
  32  3:44  Factory Tech Lab  
  32  3:56  Supply Depot  
  32  4:13  Siege Tank  
  32  4:16  Marine  
  36  4:17  Marine  
  36  4:19  Combat Shield  
  37  4:24  SCV  
  38  4:33  SCV  
  38  4:36  SCV  
  40  4:40  Terran Infantry Weapons Level 1  
  40  4:48  SCV  
  41  5:28  Marine x3  
  44  5:39  Barracks  
  44  5:46  Marine x2  
  46  5:55  SCV  
  47  6:05  Refinery  
  47  6:07  SCV  
  47  6:09  Marine x3  
  51  6:12  Stimpack  
  51  6:19  SCV  
  52  6:26  Barracks  
  52  6:27  Marine  
  52  6:31  SCV, Refinery  
  50  6:43  SCV  
  44  7:01  Marine x3  
  44  7:04  Siege Tank  
  50  7:13  Barracks Tech Lab  
  50  7:14  Factory  
  50  7:15  Barracks Reactor  
  50  7:19  Marine  
  50  7:22  Marine x2  
  53  7:37  Marine  
  53  7:40  Starport  
  54  7:49  Supply Depot  
  54  7:51  Terran Infantry Armor Level 1  
  54  7:55  Armory  
  54  8:00  Starport  
  54  8:05  Missile Turret  
  54  8:10  Marine x3, Siege Tank, SCV  
  54  8:12  Supply Depot  
  61  8:22  SCV  
  62  8:33  Marine  
  63  8:34  SCV  
  63  8:35  Supply Depot  
  64  8:42  Siege Tank  
  64  8:46  Armory  
  64  8:47  SCV  
  68  8:54  Factory Tech Lab  
  68  8:55  Supply Depot  
  68  8:58  Supply Depot  
  68  9:15  Siege Tank  
  71  9:18  Supply Depot  
  71  9:21  Supply Depot  
  71  9:40  Supply Depot  
  71  9:47  Siege Tank  
  74  10:00  Marine x4  
  74  10:01  Marine x2  
  74  10:02  Supply Depot  
  74  10:04  Siege Tank  
  83  10:17  Marine  
  83  10:19  Siege Tank  
  83  10:21  Supply Depot  
  87  10:31  SCV  
  87  10:35  SCV  
  89  10:36  Siege Tank  
  92  10:43  Supply Depot, SCV  
  92  10:46  Command Center  
  92  10:47  SCV  
  94  10:51  Thor  
  94  10:55  SCV  
  101  10:59  SCV  
  102  11:06  Supply Depot  
  102  11:07  SCV  
  102  11:08  Thor  
  109  11:11  SCV  
  110  11:19  SCV  
  111  11:29  Supply Depot  
  111  11:33  Thor  
  117  11:51  Supply Depot  
  117  11:57  Ghost Academy  
  117  12:02  Terran Vehicle Weapons Level 1  
  117  12:05  Terran Vehicle And Ship Armor Level 1  
  117  12:14  Supply Depot  
  117  12:28  Ghost Academy  
  117  12:31  Terran Infantry Weapons Level 2  
  117  12:44  Starport Reactor  
  117  12:47  Starport  
  117  12:52  Marine x2  
  117  12:54  Marauder x2  
  123  13:03  Thor  
  123  13:04  Thor  
  135  13:07  Marine x2  
  135  13:10  Marine x2  
  139  13:15  Ghost x2  
  143  13:29  Starport Tech Lab  
  143  13:31  Medivac x2  
  147  13:41  Refinery  
  147  13:43  Ghost x2, SCV x2  
  147  13:46  Siege Tank  
  147  13:47  Siege Tank  
  160  13:52  Orbital Command  
  160  13:55  SCV x2  
  160  14:01  Medivac  
  163  14:06  Refinery  
  163  14:07  SCV  
  163  14:08  SCV  
  144  14:12  Ghost  
  106  14:19  SCV  
  106  14:20  SCV  
  100  14:27  Personal Cloaking  
  100  14:29  Nuke  
  76  15:42  Orbital Command  
Show
View Real Time Build Order
Export as new Build Order

MrFercho Zerg - Winner!

Build Orders: 3 Hatch before Pool 

Get SALT Encoding   

  12  0:01  Drone  
  13  0:09  Drone  
  14  0:28  Extractor  
  14  0:34  Extractor  
  12  0:36  Drone  
  12  0:37  Drone  
  16  0:57  Hatchery  
  15  1:08  Overlord x3  
  15  1:34  Drone  
  15  1:37  Drone  
  17  1:40  Hatchery  
  17  1:41  Drone  
  17  1:59  Spawning Pool  
  16  2:03  Extractor  
  16  2:05  Extractor, Drone  
  16  2:06  Drone  
  16  2:10  Drone  
  16  2:13  Drone  
  18  2:20  Drone  
  19  2:24  Drone  
  20  2:34  Drone  
  21  2:38  Drone  
  21  2:42  Drone  
  23  2:47  Drone  
  23  2:49  Queen  
  26  2:52  Drone  
  26  2:56  Drone  
  28  3:00  Drone  
  29  3:06  Drone x2  
  31  3:13  Metabolic Boost  
  31  3:22  Baneling Nest  
  30  3:28  Lair  
  30  3:29  Drone  
  31  3:39  Drone x3  
  31  3:40  Drone  
  35  3:43  Drone  
  36  3:55  Drone x3  
  39  3:56  Drone  
  40  4:05  Extractor  
  40  4:06  Zergling x6  
  40  4:07  Extractor  
  41  4:13  Pneumatized Carapace  
  41  4:20  Evolution Chamber  
  42  4:31  Drone x7  
  42  4:32  Infestation Pit  
  46  4:47  Drone x4  
  46  4:50  Overlord x2  
  50  5:04  Zerg Ground Armor Level 1  
  50  5:09  Hive  
  50  5:13  Overseer x2  
  50  5:27  Zergling x2  
  50  5:28  Zergling x16  
  59  5:54  Drone  
  59  5:55  Drone x6  
  59  5:56  Overlord  
  66  6:10  Hatchery  
  66  6:11  Baneling x4  
  65  6:12  Baneling x20  
  53  6:56  Zergling x2  
  53  6:57  Zergling x16  
  62  7:10  Zergling x2  
  62  7:11  Zergling x6  
  66  7:17  Zerg Melee Weapons Level 1  
  66  7:22  Evolution Chamber  
  65  7:28  Ultralisk Cavern  
  64  7:35  Nydus Network  
  63  7:43  Hydralisk Den, Centrifical Hooks  
  62  7:47  Zergling x2  
  62  7:48  Zergling x16  
  71  7:57  Queen x2  
  71  7:58  Queen  
  77  8:06  Zerg Missile Weapons Level 1  
  77  8:16  Adrenal Glands  
  77  8:24  Chitinous Plating  
  77  8:31  Overlord x5  
  77  8:32  Overlord x5  
  77  8:38  Overseer  
  77  8:50  Drone x3  
  77  8:52  Drone x7  
  87  9:22  Extractor x2  
  87  9:23  Hatchery  
  84  9:26  Overseer x2  
  84  9:27  Hatchery  
  83  9:42  Anabolic Synthesis  
  83  9:51  Ultralisk x3  
  83  9:52  Ultralisk x2  
  113  9:54  Hydralisk  
  113  9:55  Hydralisk x2  
  119  10:27  Burrow  
  119  10:41  Grooved Spines  
  119  10:46  Zerg Missile Weapons Level 2, Zerg Ground Armor Level 2  
  119  10:54  Evolution Chamber  
  118  11:09  Drone x3  
  121  11:13  Hydralisk x3  
  121  11:14  Hydralisk x8  
  143  11:42  Baneling  
  143  11:43  Baneling x18  
  143  11:52  Muscular Augments  
  143  11:55  Zerg Melee Weapons Level 2  
  143  12:07  Zergling x6  
  143  12:08  Zergling x40  
  166  12:47  Overseer x4  
  166  12:49  Overseer x2  
  166  13:05  Hydralisk x3  
  166  13:10  Overlord x4  
  166  13:11  Overlord x4  
  172  13:14  Overlord x2  
  172  13:35  Nydus Canal  
  172  13:41  Hydralisk x6  
  172  13:42  Hydralisk x7  
  198  14:12  Hydralisk x2  
  198  14:13  Hydralisk x3  
  182  15:13  Hydralisk x12  
  146  16:19  Hydralisk  
  146  16:20  Hydralisk x10  
Show
View Real Time Build Order
Export as new Build Order

TATORREA Protoss - Winner!

Build Orders:  

Get SALT Encoding   

  12  0:02  Probe  
  13  0:19  Probe  
  14  0:26  Pylon  
  14  0:31  Probe  
  15  0:44  Probe  
  16  0:56  Gateway  
  16  0:57  Probe  
  17  1:05  Assimilator  
  17  1:09  Probe  
  18  1:21  Probe  
  19  1:32  Pylon  
  19  1:33  Probe  
  19  1:38  Gateway  
  19  1:39  Assimilator  
  20  1:45  Probe  
  21  1:57  Probe  
  21  1:58  Pylon  
  22  2:25  Nexus  
  22  2:36  Cybernetics Core  
  22  2:43  Gateway  
  22  2:49  Probe  
  23  3:05  Forge  
  23  3:08  Gateway, Probe  
  24  3:13  Warp Gate  
  24  3:20  Probe  
  24  3:22  Stalker  
  27  3:32  Probe, Zealot  
  30  3:38  Protoss Ground Weapons Level 1  
  30  3:44  Probe  
  30  3:46  Pylon  
  31  3:52  Probe  
  32  4:02  Probe  
  33  4:05  Probe  
  34  4:13  Pylon  
  34  4:16  Probe  
  35  4:17  Twilight Council  
  35  4:18  Probe  
  36  4:29  Probe  
  36  4:30  Probe  
  38  4:40  Stargate  
  38  4:41  Probe  
  38  4:42  Probe, Stargate  
  40  4:53  Probe  
  40  4:54  Probe  
  42  5:03  Stalker  
  42  5:04  Stalker  
  42  5:05  Stalker  
  42  5:06  Stalker  
  50  5:08  Charge (Chrono Boost)  
  50  5:24  Robotics Facility  
  50  5:32  Assimilator  
  50  5:33  Probe x2  
  52  5:37  Assimilator  
  52  5:43  Stalker x2  
  52  5:44  Stalker  
  52  5:45  Probe x2  
  60  5:50  Protoss Ground Weapons Level 2 (Chrono Boost)  
  60  5:57  Probe x2  
  62  6:27  Nexus  
  58  6:35  Pylon  
  58  6:37  Pylon  
  46  6:41  Pylon  
  46  6:44  Stalker x3  
  46  6:45  Stalker  
  52  6:47  Pylon  
  52  7:08  Zealot x2  
  54  7:09  Zealot  
  54  7:10  Zealot  
  60  7:19  Probe x2  
  62  7:31  Probe x2, Zealot x3  
  62  7:32  Zealot  
  62  7:35  Oracle x2  
  78  7:41  Immortal  
  78  7:43  Probe  
  78  7:44  Probe  
  84  7:54  Blink  
  84  7:56  Probe x2  
  86  8:08  Probe x2  
  86  8:11  Stalker x3  
  86  8:12  Stalker  
  96  8:18  Protoss Ground Weapons Level 3 (Chrono Boost)  
  96  8:29  Void Ray x2  
  104  8:38  Immortal  
  108  8:45  Probe x3  
  111  8:55  Assimilator  
  111  8:57  Probe x2  
  111  8:58  Probe  
  111  8:59  Assimilator  
  114  9:09  Probe x2  
  116  9:10  Probe  
  117  9:44  Probe x3  
  117  9:51  Pylon  
  117  9:53  Pylon  
  117  9:56  Pylon  
  117  10:00  Pylon  
  117  10:03  Pylon  
  117  10:09  Pylon  
  117  10:25  Probe  
  117  10:27  Gateway  
  118  10:28  Gateway  
  118  10:31  Gateway  
  118  10:33  Gateway  
  118  10:37  Gateway  
  118  10:38  Void Ray x2  
  118  10:39  Gateway  
  118  10:40  Immortal  
  118  10:41  Gateway  
  130  10:50  Zealot x2  
  130  10:51  Zealot x2  
  138  11:01  Protoss Air Weapons Level 1  
  138  11:07  Nexus  
  138  11:14  Protoss Shields Level 1  
  138  11:21  Stalker  
  138  11:22  Stalker  
  138  11:23  Stalker x2  
  146  11:32  Void Ray x2  
  152  11:59  Immortal  
  156  12:08  Zealot x3  
  158  12:09  Zealot  
  164  12:18  Void Ray x2  
  172  12:29  Pylon  
  172  12:32  Pylon  
  172  12:35  Pylon  
  172  12:39  Pylon  
  172  12:42  Fleet Beacon, Pylon, Observer  
  173  12:49  Zealot  
  173  12:51  Zealot x4  
  177  12:52  Zealot x3  
  177  12:53  Zealot  
  177  12:54  Zealot x2  
  195  13:03  Observer  
  196  13:12  Protoss Ground Armor Level 1  
  196  13:13  Zealot x2  
  196  13:19  Unknown  
  200  13:44  Robotics Bay  
  188  14:04  Assimilator  
  188  14:09  Assimilator  
  67  14:24  Zealot  
  67  14:25  Zealot x2  
  67  14:26  Zealot x5  
  67  14:27  Zealot x3  
  67  14:43  Void Ray x2  
  75  14:47  Immortal  
  75  14:51  Zealot  
  75  14:52  Zealot x3  
  87  14:53  Zealot x4  
  87  14:54  Zealot  
  91  15:13  Zealot x2  
  91  15:14  Zealot x2  
  87  15:15  Zealot x3  
  87  15:16  Zealot x2  
  60  16:15  Gateway  
  60  16:18  Gateway  
  57  16:20  Gateway  
  57  16:28  Pylon  
  57  16:34  Cybernetics Core  
  57  16:36  Forge  
  56  16:40  Fleet Beacon  
  56  16:43  Robotics Bay  
  56  16:51  Gateway  
  56  16:53  Gateway  
  55  16:56  Gateway  
  55  16:58  Gateway  
  55  17:20  Photon Cannon  
  55  17:21  Photon Cannon  
  55  17:27  Photon Cannon  
  55  17:28  Photon Cannon  
  55  17:32  Photon Cannon  
  55  17:34  Photon Cannon  
  55  17:35  Twilight Council  
  55  17:36  Photon Cannon  
  55  17:41  Robotics Facility  
  55  17:49  Stargate  
  55  17:51  Stargate  
Tags
 
Add a new tag
Caveats
  • Supply blocks, unpowered buildings, or Contaminate may cause inaccurate times.
  • Supply counts are checked every 10 seconds.